 Dungeon Crawl Stone Soup version 0.16.0-16-g311141a (console) character file.

1921 gw the Slicer (level 9, 0/54 HPs)
             Began as a Kobold Gladiator on Mar 19, 2015.
             Was a Priest of Makhleb.
             Slain by a sky beast (6 damage)
             ... on level 9 of the Dungeon.
             The game lasted 00:07:20 (6126 turns).

gw the Slicer (Kobold Gladiator)                    Turns: 6126, Time: 00:07:20

Health: 0/54       AC: 10    Str: 14    XL:     9   Next: 39%
Magic:  16/16      EV: 18    Int:  6    God:    Makhleb [***...]
Gold:   201        SH:  0    Dex: 19    Spells: 0 memorised, 8 levels left

rFire  . . .     SeeInvis .     a - +1 rapier
rCold  . . .     Clarity  .     s - +0 ring mail
rNeg   . . .     SustAb   .     (no shield)
rPois  .         Gourm    .     c - +0 helmet
rElec  .         Spirit   .     j - +0 cloak
rCorr  .         Warding  .     r - +1 pair of gloves
rMut   .         Stasis   .     n - +0 pair of boots (curse)
MR     .....                    (no amulet)
Stlth  +.........               (no ring)
                                (no ring)

@: lethally poisoned (0 -> -8), not resistant to hostile enchantments, very
unstealthy
A: carnivore 3
a: Minor Destruction, Lesser Servant of Makhleb, Renounce Religion


You were on level 9 of the Dungeon.
You worshipped Makhleb.
Makhleb was most pleased with you.
You were very full.

You visited 1 branch of the dungeon, and saw 7 of its levels.

You collected 201 gold pieces.

Inventory:

Hand weapons
 a - a +1 rapier (weapon)
Missiles
 d - 4 throwing nets
 h - 125 stones (quivered)
 m - 54 poisoned needles
Armour
 c - a +0 helmet (worn)
 j - a +0 cloak (worn)
 n - a cursed +0 pair of boots (worn)
 r - a +1 pair of gloves (worn)
 s - a +0 ring mail (worn)
Magical devices
 b - a wand of confusion (17)
 v - a wand of random effects (3)
Scrolls
 e - a scroll of recharging
 g - 2 scrolls of fog
 l - 9 scrolls of identify
Potions
 t - a potion of restore abilities
Comestibles
 f - 5 meat rations
 i - a royal jelly
 p - 2 beef jerkies
 q - a slice of pizza


   Skills:
 + Level 5.5 Fighting
 * Level 10.0 Short Blades
 + Level 6.5 Throwing
 + Level 6.9 Dodging
 + Level 4.3 Invocations


You had 8 spell levels left.
You didn't know any spells.

Dungeon Overview and Level Annotations

Branches:
Dungeon (9/15)             Temple (0/1) D:7
   Lair: D:8-11         Orc: D:9-12

Altars:
Dithmenos
Makhleb
Nemelex Xobeh

Shops:
D:4 *

Annotations:
D:7 exclusion: downstairs


Innate Abilities, Weirdness & Mutations

You are small and have problems with some larger weapons.
You are carnivorous and can eat meat at any time.


Message History

ATTACK MOVE TO (-1,0)
You hit the orc warrior but do no damage.
The orc warrior is almost dead.
Your neqoxec hits the orc warrior but does no damage.
Something hits you. Something shocks you. The giant frog closely misses you.
The worker ant bites you.
You are more poisoned.
The worker ant poisons you! The orc wizard completely misses you.
Unknown command.
Unknown command.
Unknown command.
Unknown command.
ATTACK MOVE TO (-1,0)
You hit the orc warrior but do no damage.
The orc warrior is almost dead.
You feel sick. The orc completely misses you.
The orc warrior barely misses you. The giant frog closely misses you.
Your neqoxec closely misses the orc warrior.
Something hits you. Something shocks you.
You die...

7%)..............
7................
7................
7................
7................
7$...........$...
77................
777{F....(...((.%...
#3oKaW..............
##.oo......(........
##.................
##................
##...............
#............<. ###
##########


You could see a phantom, an orc warrior, a giant frog, a worker ant, an orc
wizard, an orc and a friendly neqoxec.

Table legend:
 A = Turns spent in this place as a percentage of turns spent in the entire game.
 B = Non-inter-level travel turns spent in this place as a percentage of non-inter-level travel turns spent in the entire game.
 C = Inter-level travel turns spent in this place as a percentage of turns spent in this place.
 D = Turns resting spent in this place as a percentage of non-inter-level travel turns spent in this place.
 E = Turns spent auto-exploring this place as a percentage of non-inter-level travel turns spent in this place.
 F = Non-inter-level travel turns spent in this place divided by the number of levels of this place that you've seen.
                   A       B       C       D       E      F
               +-------+-------+-------+-------+-------+----------------------
         Total | 100.0 | 100.0 |   0.5 |   0.7 |   2.4 | 1359.9
       Dungeon | 100.0 | 100.0 |   0.5 |   0.7 |   2.4 | 1359.9
               +-------+-------+-------+-------+-------+----------------------

Table legend:
 A = Kills in this place as a percentage of kills in entire the game.
 B = Kills by you in this place as a percentage of kills by you in the entire game.
 C = Kills by friends in this place as a percentage of kills by friends in the entire game.
 D = Other kills in this place as a percentage of other kills in the entire game.
 E = Experience gained in this place as a percentage of experience gained in the entire game.
 F = Experience gained in this place divided by the number of levels of this place that you have seen.
                   A       B       C       D       E      F
               +-------+-------+-------+-------+-------+----------------------
         Total | 100.0 | 100.0 | 100.0 | 100.0 | 100.0 | 392.1
       Dungeon | 100.0 | 100.0 | 100.0 | 100.0 | 100.0 | 392.1
               +-------+-------+-------+-------+-------+----------------------

Vanquished Creatures
  A hippogriff (D:9)
  A fire bat (D:7)
  2 ice beasts (D:8)
  An ogre (D:7)
  A sky beast (D:8)
  A giant frog (D:8)
  A necrophage (D:9)
  A centaur (D:8)
  A big kobold (D:8)
  2 scorpions (D:8)
  A water moccasin zombie (D:8)
  A goliath beetle (D:8)
  4 hounds
  2 orc wizards
  A centaur skeleton (D:8)
  An orc priest (D:7)
  An iguana (D:8)
  3 worker ants
  A mummy (D:8)
  4 adders
  A giant mite (D:2)
  2 worms
  A giant gecko (D:4)
  16 orcs
  A bat skeleton (D:7)
  4 giant cockroaches
  7 hobgoblins
  2 jackals (D:8)
  3 quokkas
  A ball python (D:3)
  3 bats
  3 giant newts
  A giant spore (D:8)
  8 goblins
  A jackal skeleton (D:8)
  16 kobolds
  10 rats
  7 ballistomycetes (D:8)
118 creatures vanquished.

Vanquished Creatures (collateral kills)
  A two-headed ogre (D:8)
  A wyvern (D:9)
  An ogre (D:9)
  A hound (D:9)
4 creatures vanquished.

Vanquished Creatures (others)
  An ice beast (D:7)
  2 giant spores (D:8)
3 creatures vanquished.

Grand Total: 125 creatures vanquished

Notes
Turn   | Place    | Note
--------------------------------------------------------------
     0 | D:1      | gw, the Kobold Gladiator, began the quest for the Orb.
     0 | D:1      | Reached XP level 1. HP: 12/12 MP: 1/1
   310 | D:1      | Reached XP level 2. HP: 16/18 MP: 2/2
  1223 | D:2      | Reached XP level 3. HP: 22/22 MP: 3/3
  1341 | D:2      | Found a shadowy altar of Dithmenos.
  1474 | D:2      | Reached XP level 4. HP: 27/27 MP: 4/4
  1488 | D:2      | Found a burning altar of Makhleb.
  1498 | D:2      | Became a worshipper of Makhleb the Destroyer
  1548 | D:2      | Reached skill level 5 in Short Blades
  1992 | D:2      | Found a sparkling altar of Nemelex Xobeh.
  2368 | D:3      | Reached XP level 5. HP: 16/32 MP: 5/5
  2649 | D:3      | Acquired Makhleb's first power
  2673 | D:3      | Reached skill level 1 in Invocations
  3560 | D:4      | Found Yceiciev's General Store.
  3568 | D:4      | Reached skill level 6 in Short Blades
  3568 | D:4      | Reached XP level 6. HP: 37/37 MP: 7/7
  3590 | D:4      | You fall through a shaft for 3 floors!
  3864 | D:7      | Noticed an ice beast
  3894 | D:7      | an ice beast (ally) was killed
  3894 | D:7      | Reached skill level 5 in Dodging
  3895 | D:7      | Noticed a fire bat
  3895 | D:7      | an ogre changed into a fire bat
  3900 | D:7      | Killed a fire bat
  3900 | D:7      | Reached XP level 7. HP: 40/42 MP: 7/9
  4203 | D:7      | Noticed a gargoyle
  4256 | D:7      | Reached skill level 7 in Short Blades
  4285 | D:7      | Found a staircase to the Ecumenical Temple.
  4533 | D:8      | Acquired Makhleb's second power
  4557 | D:8      | Reached XP level 8. HP: 44/48 MP: 9/11
  4559 | D:8      | Reached skill level 8 in Short Blades
  4559 | D:8      | Reached skill level 5 in Throwing
  4642 | D:8      | Noticed a two-headed ogre
  5434 | D:8      | Acquired Makhleb's third power
  5483 | D:8      | Killed a two-headed ogre
  5483 | D:8      | Reached skill level 5 in Fighting
  5483 | D:8      | Reached skill level 9 in Short Blades
  5747 | D:8      | Reached XP level 9. HP: 54/54 MP: 15/15
  6107 | D:9      | Reached skill level 10 in Short Blades
  6126 | D:9      | Slain by a sky beast

Action                   |  1- 3 |  4- 6 |  7- 9 || total
-------------------------+-------+-------+-------++-------
Melee: Rapier            |    55 |    94 |   207 ||   356
Throw: Stone             |    80 |   118 |    86 ||   284
Invok: Lesser Servant of |       |       |     3 ||     3
Evoke: Wand              |       |     6 |       ||     6
  Use: Scroll            |    10 |     2 |     4 ||    16
       Potion            |     3 |     6 |     4 ||    13
 Stab: Sleeping          |     1 |       |       ||     1
  Eat: Chunk             |     9 |     9 |     5 ||    23

Vault maps used:
D:1:      dpeg_arrival_stone_temple_mockup, serial_forest,
          infiniplex_forest_lined_2, infiniplex_forest_lined_room_,
          infiniplex_forest_clump_small, infiniplex_forest_end_1,
          infiniplex_forest_corner_2, infiniplex_forest_diagonal, minivault_23
D:2:      lemuel_coloured_pillars_altar, nemelex_deck, makhleb_heckhound_becter
D:4:      kennysheep_mini, first_bread, serial_shops, shop
D:7:      minmay_temple_entry_hall, lightli_corner_chamber
D:9:      kennysheep_vampire_church, minmay_lair_entry_grove,
          hangedman_tree_tricks
